 Dungeon Crawl Stone Soup version 0.18.1-48-g4cf74bf (webtiles) character file.

1502 Joat the Ducker (level 8, -7/57 HPs)
             Began as an Octopode Fighter on Aug 10, 2016.
             Was a Follower of Cheibriados.
             Mangled by an ogre
             ... wielding a +0 giant club
              (18 damage)
             ... on level 6 of the Dungeon.
             The game lasted 00:21:55 (4800 turns).

Joat the Ducker (Octopode Fighter)                  Turns: 4800, Time: 00:21:56

Health: -7/57      AC:  4    Str: 18    XL:     8   Next: 82%
Magic:  14/17      EV: 14    Int: 14    God:    Cheibriados [*.....]
Gold:   254        SH: 11    Dex: 16    Spells: 0 memorised, 7 levels left

rFire  . . .     SeeInvis .       - Unarmed
rCold  + . .     Gourm    .     s - +1 shield
rNeg   . . .     Faith    +     (helmet restricted)
rPois  .         Spirit   .     F - amulet of faith
rElec  .         Dismiss  .     g - ring of protection from cold
rCorr  .         Reflect  .     r - +3 ring of protection
SustAt .         Harm     .     z - ring of magical power
MR     .....                    (no ring)
Stlth  ++........               (no ring)
                                (no ring)
                                (no ring)
                                (no ring)

@: lethally poisoned (-7 -> -7), very slow, not resistant to hostile
enchantments, unstealthy
A: almost no armour, amphibious, 8 rings, constrict 8, camouflage 1, gelatinous
body 1
a: Bend Time, Renounce Religion


You were on level 6 of the Dungeon.
You worshipped Cheibriados.
Cheibriados was aware of your devotion.
You were not hungry.

You visited 2 branches of the dungeon, and saw 7 of its levels.

You collected 254 gold pieces.

Inventory:

Hand Weapons
 a - a +0 blowgun
Missiles
 j - 8 silver javelins (quivered)
 t - 15 poisoned needles
Armour
 s - a +1 shield (worn)
Jewellery
 g - a ring of protection from cold (left tentacle)
 r - a +3 ring of protection (right tentacle)
 z - a ring of magical power (on tentacle)
 F - an amulet of faith (around mantle)
Wands
 e - a wand of enslavement (24/24)
 D - a wand of acid (8/15)
Scrolls
 d - a scroll of magic mapping
 f - a scroll of blinking
 h - 3 scrolls of remove curse
 m - 2 scrolls of amnesia
 p - 2 scrolls of teleportation
 u - 3 scrolls of identify
 w - 3 scrolls of fear
 C - a scroll of silence {unknown}
Potions
 b - 2 potions of might
 i - a potion of magic
 o - 2 potions of brilliance
 q - a potion of heal wounds
 v - a potion of invisibility
 x - 2 potions of curing
 A - a potion of lignification {unknown}
 B - a potion of mutation {unknown}
 E - a potion of degeneration {unknown}
Books
 y - a book of Fire

   Spells                             Type                      Level
   a - Ignite Poison                  Fire/Transmutation/Poison    3
   b - Fireball                       Conjuration/Fire             5
   c - Bolt of Fire                   Conjuration/Fire             6
   d - Delayed Fireball               Conjuration/Fire             7
   e - Ring of Flames                 Charms/Fire                  7
Comestibles
 c - 2 bread rations
 k - 2 meat rations
 l - a beef jerky
 n - 2 slices of pizza


   Skills:
 + Level 6.1 Fighting
 + Level 6.2 Dodging
 + Level 6.0 Shields
 + Level 5.6 Unarmed Combat


You had 7 spell levels left.
You didn't know any spells.

Dungeon Overview and Level Annotations

Branches:
Dungeon (6/15)             Temple (1/1) D:4

Altars:
Ashenzari
Cheibriados
Dithmenos
Elyvilon
Fedhas
Kikubaaqudgha
Makhleb
Pakellas
Ru
Sif Muna
Trog
Vehumet
Xom
Yredelemnul
The Shining One


Innate Abilities, Weirdness & Mutations

You cannot wear most types of armour.
You are amphibious.
You can wear up to eight rings at the same time.
You can use your tentacles to constrict eight enemies at once.
Your skin changes colour to match your surroundings (Stealth).
Your rubbery body absorbs attacks (AC +1).


Message History

The shadow imp gestures at you. Pain shoots through your body!
* * * LOW HITPOINT WARNING * * *
You feel sick.
You tentacle-slap the shadow imp. You grab the shadow imp.
The shadow imp is moderately wounded.
You constrict the shadow imp. You block the shadow imp's attack.
You barely miss the shadow imp. You tentacle-slap the shadow imp.
You kill the shadow imp!
Cheibriados thoroughly appreciates the change of pace.
You block the ogre's attack.
You feel sick. The flow of time bends around you.
The ogre resists with some effort.
You feel slightly more hungry. You block the ogre's attack.
You barely miss the ogre.
You tentacle-slap the ogre but do no damage.
You squeeze the ogre.
The ogre is lightly wounded.
The ogre hits you with a giant club!!
You die...

#..### #..# #..# #..##
#...# #...# #...#
#...#######.
###@.......... ######
#.O...........
......####†..##########
♣ ♣♣..)†....#
♣♣♣≈♣≈♣♣≈♣#...#
≈≈≈5≈≈≈≈O≈♣♣...#
≈≈≈PP≈≈≈≈≈♣♣♣#.#
≈≈≈≈≈♣≈†≈≈≈♣ .#
≈≈≈≈≈≈≈≈≈P≈≈P≈..


You could see an ogre.

Vanquished Creatures
  Prince Ribbit (D:5)
  A human (D:3)
  A sky beast (D:6)
  An ogre (D:5)
  2 giant frogs
  6 wights
  An electric eel (D:6)
  A crimson imp (D:6)
  A giant frog zombie (D:5)
  3 hounds
  2 orc priests (D:5)
  3 giant frog skeletons (D:5)
  2 orc wizards (D:5)
  4 worker ants
  6 adders
  A shadow imp (D:6)
  3 worms
  A giant gecko (D:6)
  10 orcs
  10 giant cockroaches
  2 goblins
  4 hobgoblins
  2 jackals (D:2)
  2 quokkas
  2 ball pythons (D:2)
  4 bats (D:2)
  5 giant newts
  A goblin zombie (D:3)
  6 kobolds
  3 rats (D:1)
91 creatures vanquished.

Vanquished Creatures (others)
  An adder (D:6)
1 creature vanquished.

Grand Total: 92 creatures vanquished

Notes
Turn   | Place    | Note
--------------------------------------------------------------
     0 | D:1      | Joat the Octopode Fighter began the quest for the Orb.
     0 | D:1      | Reached XP level 1. HP: 16/16 MP: 1/1
   123 | D:1      | Reached XP level 2. HP: 21/21 MP: 2/2
   631 | D:2      | Reached XP level 3. HP: 23/26 MP: 3/3
  1558 | D:3      | Found a white marble altar of Elyvilon.
  1869 | D:3      | Reached XP level 4. HP: 23/32 MP: 4/4
  1917 | D:3      | Found a runed door.
  1917 | D:3      | Noticed a human
  1921 | D:3      | Found a basalt altar of Yredelemnul.
  1939 | D:3      | Killed a human
  1939 | D:3      | Reached XP level 5. HP: 31/37 MP: 5/5
  2319 | D:4      | Reached XP level 6. HP: 34/43 MP: 6/6
  2677 | D:4      | Found a burning altar of Makhleb.
  3176 | D:4      | Found a staircase to the Ecumenical Temple.
  3185 | Temple   | Entered the Ecumenical Temple
  3237 | Temple   | Became a worshipper of Cheibriados the Contemplative
  3376 | D:5      | Entered Level 5 of the Dungeon
  3449 | D:5      | Reached XP level 7. HP: 33/49 MP: 7/7
  3770 | D:5      | Reached skill level 5 in Fighting
  3853 | D:5      | Found a burning altar of Makhleb.
  3920 | D:5      | Reached * piety under Cheibriados
  3926 | D:5      | Reached skill level 5 in Dodging
  3926 | D:5      | Reached skill level 5 in Shields
  3929 | D:5      | Found an oddly glowing altar of Pakellas.
  4201 | D:5      | Reached XP level 8. HP: 48/55 MP: 8/8
  4296 | D:5      | Noticed Prince Ribbit
  4306 | D:5      | Killed Prince Ribbit
  4306 | D:5      | Reached skill level 5 in Unarmed Combat
  4800 | D:6      | Mangled by an ogre

Skill      XL: |  1  2  3  4  5  6  7  8 |
---------------+-------------------------+-----
Fighting       | 4 5 6 |  6.1
Dodging        | 4 5 6 |  6.2
Shields        | 4 5 6 |  6.0
Unarmed Combat | 3 4 5 |  5.6

Action                   |  1- 3 |  4- 6 |  7- 9 || total
-------------------------+-------+-------+-------++-------
Melee: Unarmed           |    73 |    58 |   121 ||   252
       Constrict         |    21 |    17 |    25 ||    63
       Tentacles         |    11 |    18 |    30 ||    59
       Punch             |     3 |     2 |     4 ||     9
Throw: Javelin           |       |       |     2 ||     2
Invok: Bend Time         |       |       |     1 ||     1
  Use: Potion            |     3 |       |       ||     3
       Scroll            |    11 |     2 |     1 ||    14
 Stab: Sleeping          |     5 |     5 |     3 ||    13
  Eat: Chunk             |     3 |     4 |     4 ||    11
Armor: Skin              |     3 |     7 |    11 ||    21
Dodge: Dodged            |    26 |    17 |    49 ||    92
Block: Shield            |    25 |    24 |    52 ||   101
